Description

First 3 Minutes of "ShoWTimE's 2 gate expand into robo/twilight (PvP Economic)"

Build Order

Why is there no SALT encoding or Overwolf build?

  14  00:18  Pylon  
  15  00:38  Gateway  
  16  00:43  Assimilator  
  17  00:52  Assimilator  
  18  01:04  Gateway  
  20  01:24  Cybernetics Core  
  21  01:33  Pylon  
    01:51  Warp Gate  
    02:00  Adept x2  
    02:27  Stalker x2  
    02:38  Nexus  
    02:44  Pylon  
    2:58  Robotics Bay  
Spawning Tool Build Advisor. Get it on Overwolf

Go to:

Details

  • Created by: Legandro
  • Published on: May 24, 2024
  • Modified on: May 24, 2024
  • Patch: 5.0.11
  • Difficulty: Easy
Show

Export as new Build Order

Comments (0)

There are no comments. Be the first!

Create an account to comment!